 Dungeon Crawl Stone Soup version 0.31-a0-1-g4198be8af4 (webtiles) character file.

Game seed: 11352832522944886516

20972 BlueFish the Covert (level 12, -1/81 HPs)
             Began as an Octopode Fighter on May 2, 2023.
             Slain by a skyshark (9 damage)
             ... on level 3 of the Lair of Beasts on May 3, 2023.
             The game lasted 00:43:09 (14604 turns).

BlueFish the Covert (Octopode Fighter)             Turns: 14604, Time: 00:43:10

Health: -1/81      AC: 10    Str: 20    XL:     12   Next: 85%
Magic:  12/18      EV: 14    Int: 10    God:
Gold:   967        SH: 13    Dex: 12    Spells: 6/19 levels left

rFire   . . .        H - +2 mace (protect)
rCold   . . .        G - +3 kite shield
rNeg    + . .        T - +2 hat
rPois   .            x - amulet of regeneration
rElec   .            l - ring of wizardry
rCorr   .            t - ring of positive energy
SInv    +            w - ring of see invisible
Will    .....        c - ring of wizardry
Stlth   ++++++       y - ring of flight
HPRegen 1.13/turn    (no ring)
MPRegen 0.16/turn    (no ring)
                     (no ring)

%: wizardry (x2)
@: under a protective aura, flying
A: almost no armour, amphibious, 8 rings, camouflage 1, gelatinous body 1,
(nimble swimmer 1), tentacles
a: no special abilities


You were on level 3 of the Lair of Beasts.
You visited 2 branches of the dungeon, and saw 14 of its levels.
You also visited: Bailey.

You collected 967 gold pieces.

Inventory:

Hand Weapons
 a - a +3 short sword
 h - a +0 rapier
 D - a +0 sling
 H - a +2 mace of protection (weapon)
Missiles
 j - 161 stones (quivered)
 r - 40 poisoned darts
 R - 4 javelins
Armour
 b - a +0 buckler
 G - a +3 kite shield (worn)
 T - a +2 hat (worn)
Jewellery
 c - a ring of wizardry (on tentacle)
 g - an amulet of reflection
 l - a ring of wizardry (left tentacle)
 t - a ring of positive energy (right tentacle)
 w - a ring of see invisible (on tentacle)
 x - an amulet of regeneration (around mantle)
 y - a ring of flight (on tentacle)
 C - an amulet of magic regeneration
 U - a ring of fire
Wands
 m - a wand of polymorph (7)
 M - a wand of flame (34)
Scrolls
 d - a scroll of enchant armour
 f - a scroll of immolation {unknown}
 k - a scroll of amnesia
 n - 4 scrolls of noise
 p - 2 scrolls of fog
 s - 3 scrolls of teleportation
 v - a scroll of vulnerability {unknown}
 F - a scroll of butterflies {unknown}
 I - 2 scrolls of enchant weapon
 K - a scroll of poison {unknown}
 N - a scroll of magic mapping
 P - a scroll of brand weapon {unknown}
Potions
 e - 6 potions of attraction
 i - 6 potions of curing
 q - 4 potions of lignification
 z - 3 potions of cancellation
 A - 3 potions of mutation
 B - 7 potions of brilliance
 E - a potion of resistance {unknown}
 J - 2 potions of flight
 L - a potion of invisibility {unknown}
 O - a potion of magic {unknown}
 Q - a potion of berserk rage {unknown}


   Skills:
 + Level 7.3 Fighting
 - Level 4.7 Short Blades
 * Level 5.5 Maces & Flails
 + Level 6.6 Throwing
 + Level 7.4 Dodging
 * Level 13.4 Stealth
 + Level 7.5 Shields
 - Level 4.4 Spellcasting
 * Level 0.0 Hexes
 - Level 4.7 Transmutations
 - Level 4.9 Earth Magic
 * Level 7.6 Poison Magic
 + Level 2.1 Evocations


You had 6 spell levels left.
You knew the following spells:

 Your Spells              Type           Power      Damage    Failure   Level
a - Passwall              Tmut/Erth      9%         N/A       3%          2
b - Sting                 Tmut/Pois      56%        1d5       1%          1
c - Poisonous Vapours     Pois/Air       18%        N/A       4%          2
d - Olgreb's Toxic Radia  Pois           17%        N/A       6%          4
e - Slow                  Hex            8%         N/A       13%         1
f - Confusing Touch       Hex            2%         N/A       36%         3

Your spell library contained the following spells:

 Spells                   Type           Power      Damage    Failure   Level
 Sandblast                Erth           24%        2d8       1%          1
 Stone Arrow              Conj/Erth      14%        3d7       16%         3
 Call Imp                 Summ           4%         N/A       19%         2
 Dazzling Flash           Conj/Hex       4%         N/A       36%         3
 Hailstorm                Conj/Ice       2%         3d3       36%         3
 Vampiric Draining        Necr           2%         2d6       36%         3
 Ice Form                 Ice/Tmut       6%         N/A       41%         4
 Irradiate                Conj/Tmut      3%         3d12      75%         5
 Agony                    Necr           2%         N/A       96%         5
 Silence                  Hex/Air        1%         N/A       96%         5
 Simulacrum               Ice/Necr       1%         N/A       100%        6
 Spellforged Servitor     Conj/Summ      1%         N/A       100%        7
 Animate Armour           Summ/Erth      Unusable   N/A       N/A         4

Dungeon Overview and Level Annotations

Branches:
Dungeon (11/15)            Temple (0/1) D:7            Lair (3/5) D:8
 Shoals (0/4) Lair:2          Orc (0/2) D:10         Bailey (visited)
  Snake: Lair:2-3    Spider: Lair:2-3

Altars:
Cheibriados
Fedhas
Makhleb
Nemelex Xobeh
Okawaru
Qazlal
Ru
Sif Muna
Uskayaw
Xom
The Shining One

Shops:
D:6 (   D:7 =

Annotations:
D:11 exclusion: skeletal warrior
Lair:1 1 runed translucent door, Diusamoe's ghost, journeyman OpBr
Lair:2 3 runed translucent doors, exclusion: door, Sleet's ghost, journeyman MiFi
Lair:3 exclusion: hydra


Innate Abilities, Weirdness & Mutations

You cannot wear most types of armour.
You are amphibious.
You can wear up to eight rings at the same time.
Your skin changes colour to match your surroundings (Stealth+).
Your rubbery body absorbs attacks. (AC +1, EV +1)
((You are camouflaged when in or above water. (Stealth+)))
You have tentacles for arms and can constrict up to eight enemies at once.


Message History

The skyshark is severely wounded.
The skyshark bites you but does no damage.
You block the skyshark's attack. The skyshark tail-slaps you.
The skyshark bites you!
The skyshark tastes blood and grows stronger!
You block the skyshark's attack.
The skyshark tail-slaps you but does no damage.
You barely miss the skyshark.
You squeeze the skyshark, but do no damage.
The skyshark is heavily wounded.
You block the skyshark's attack.
The skyshark tail-slaps you but does no damage.
The skyshark misses you.
You hit the skyshark but do no damage.
The skyshark is severely wounded.
The skyshark closely misses you. The skyshark tail-slaps you.
You block the skyshark's attack.
You hit the skyshark.
The skyshark is severely wounded.
You block the skyshark's attack. The skyshark barely misses you.
You block the skyshark's attack.
You barely miss the skyshark.
The skyshark is severely wounded.
The skyshark bites you!!
The skyshark enters a blood-rage!
The skyshark tail-slaps you. You block the skyshark's attack. x2
The skyshark misses you. The skyshark tail-slaps you!
Casting: Sting (safe; 1% risk of failure)
Confirm with . or Enter, or press ? or * to list all spells.
Aiming: Passwall (safe; 3% risk of failure)
Press: ? - help, Dir - move target, p - skyshark A rock wall.
You block the skyshark's attack. The skyshark tail-slaps you.
* * * LOW HITPOINT WARNING * * *
The skyshark closely misses you.
You begin to meditate on the wall.
You continue meditating on the rock.
You block the skyshark's attack. The skyshark closely misses you.
You block the skyshark's attack. The skyshark bites you!
* * * LOW HITPOINT WARNING * * *
You block the skyshark's attack. The skyshark tail-slaps you!
You die...

....##......##l...###.#.....P##
..†##†.####...#....#####....##
..##^.##.$##.$##....# ##....## ..
.†#..##..F≈##..#....###P.....#...
..#..#..##..#..#....#............
..#..#§§YP.≈#..#....##.#......!..
..#..#..|>(≈#..#....####....##...
..#.$#..##D.#..#l...####.....####
.^#...#§F..##^.#@...#.........P##
..##.†##.(##..##....#............
...##..####l$##....##............
.^..##......##....#..............
##...###..###...###..........)..^
###...####...###...##.#.........
###......### ##.P...#....#P.#.
###### #....##...####..
############....


You could see a skyshark (berserk, very poisoned).

Vanquished Creatures
  Gastronok (Lair:2)
  A vault guard (Bailey)
  A two-headed ogre (D:10)
  Urug (D:10)
  An ugly thing (D:11)
  A water nymph (Lair:2)
  3 black mambas
  2 cane toads (Lair:2)
  A torpor snail (Lair:3)
  A kobold demonologist (D:11)
  A rime drake (Lair:2)
  2 komodo dragons
  5 hornets
  Prince Ribbit (D:6)
  A blink frog (Bailey)
  Sigmund (D:2)
  26 yaks
  3 wraiths
  7 wyverns
  6 humans (Bailey)
  A basilisk (D:8)
  3 acid dragons
  12 water moccasins
  A floating eye (Lair:2)
  2 ice beasts
  8 orc warriors
  2 black bears
  7 wolves (Lair:3)
  5 kobold brigands
  16 bullfrogs
  2 scorpions
  A gnoll sergeant (D:10)
  13 wights
  3 electric eels (D:10)
  4 howler monkeys
  10 orc priests
  5 jellies
  Jessica (D:2)
  3 iguanas
  13 orc wizards
  2 sleepcaps
  Robin (D:2)
  7 gnolls
  5 adders
  3 white imps (D:6)
  2 worms
  3 dart slugs
  45 orcs
  6 bats
  11 endoplasms
  A giant cockroach (D:3)
  7 hobgoblins
  8 jackals (D:2)
  25 kobolds
  4 quokkas
  9 ball pythons
  7 frilled lizards
  12 goblins
  5 rats
341 creatures vanquished.

Vanquished Creatures (others)
  8 fungi
  57 plants
65 creatures vanquished.

Grand Total: 406 creatures vanquished

Notes
Turn   | Place    | Note
-------+----------+-------------------------------------------
     0 | D:1      | BlueFish the Octopode Fighter began the quest for the Orb.
     0 | D:1      | Reached XP level 1. HP: 16/16 MP: 1/1
   135 | D:1      | Reached skill level 1 in Stealth
   165 | D:1      | Reached XP level 2. HP: 21/21 MP: 2/2
   509 | D:1      | Reached skill level 2 in Stealth
  1008 | D:2      | Reached XP level 3. HP: 20/26 MP: 3/3
  1249 | D:2      | Noticed Sigmund
  1330 | D:2      | Reached XP level 4. HP: 31/31 MP: 4/4
  1530 | D:2      | Noticed Jessica
  1538 | D:2      | Killed Jessica
  1539 | D:2      | Reached skill level 3 in Stealth
  1578 | D:2      | Reached skill level 1 in Throwing
  1630 | D:2      | Noticed Robin
  1659 | D:2      | Killed Robin
  1815 | D:2      | Reached XP level 5. HP: 35/36 MP: 5/5
  2322 | D:2      | Killed Sigmund
  2323 | D:2      | Reached skill level 4 in Stealth
  2323 | D:2      | Reached XP level 6. HP: 19/43 MP: 6/6
  3112 | D:4      | Found a burning altar of Makhleb.
  3335 | D:4      | Found a sparkling altar of Nemelex Xobeh.
  3404 | D:4      | Reached skill level 5 in Stealth
  3444 | D:4      | Reached XP level 7. HP: 31/47 MP: 7/7
  3568 | D:4      | Found an iron altar of Okawaru.
  3921 | D:4      | Reached skill level 6 in Stealth
  4111 | D:5      | Entered Level 5 of the Dungeon
  4257 | D:5      | Reached XP level 8. HP: 52/54 MP: 8/8
  4522 | D:5      | Reached skill level 7 in Stealth
  4798 | D:5      | Reached skill level 5 in Shields
  4874 | D:5      | Found a snail-covered altar of Cheibriados.
  5222 | D:5      | Learned a level 2 spell: Passwall
  5264 | D:6      | Noticed Prince Ribbit
  5312 | D:6      | Found Hupelui's Weapon Emporium.
  5387 | D:6      | Reached skill level 8 in Stealth
  5508 | D:6      | Found a blossoming altar of Fedhas.
  5512 | D:6      | Reached skill level 5 in Fighting
  5603 | D:6      | Found a stormy altar of Qazlal.
  5617 | D:6      | Reached skill level 5 in Dodging
  5617 | D:6      | Reached skill level 1 in Transmutations
  5617 | D:6      | Reached XP level 9. HP: 16/61 MP: 9/9
  5703 | D:6      | Killed Prince Ribbit
  5704 | D:6      | Reached skill level 1 in Spellcasting
  5704 | D:6      | Reached skill level 1 in Earth Magic
  5716 | D:6      | Found a glowing golden altar of the Shining One.
  5878 | D:7      | Identified the +0 leather armour of the Loofah {Drain rF-
                  | rCorr SInv}
  5894 | D:7      | Found a staircase to the Ecumenical Temple.
  5894 | D:7      | Noticed a hornet
  5900 | D:7      | Killed a hornet
  6186 | D:7      | Found Rotutull's Jewellery Shoppe.
  6262 | D:7      | Reached skill level 9 in Stealth
  6900 | D:8      | Reached skill level 1 in Maces & Flails
  6963 | D:8      | Found a staircase to the Lair.
  6983 | D:7      | Reached XP level 10. HP: 41/68 MP: 13/13
  7148 | D:8      | Reached skill level 10 in Stealth
  7188 | D:8      | Learned a level 1 spell: Sting
  7191 | D:8      | Learned a level 2 spell: Poisonous Vapours
  7196 | D:8      | Learned a level 4 spell: Olgreb's Toxic Radiance
  7253 | D:8      | Found a shimmering blue altar of Sif Muna.
  7359 | D:7      | Reached skill level 1 in Poison Magic
  7526 | D:8      | Found a hide-covered altar of Uskayaw.
  7528 | D:8      | Found a sacrificial altar of Ru.
  8030 | D:9      | Found a flagged portal.
  8048 | D:9      | Reached skill level 5 in Throwing
  8096 | Bailey   | Entered a bailey
  8290 | Bailey   | Reached XP level 11. HP: 69/72 MP: 15/15
  8321 | Bailey   | Reached skill level 11 in Stealth
  8324 | Bailey   | Noticed a vault guard
  8356 | Bailey   | Killed a vault guard
  8388 | Bailey   | Noticed a vault guard
  8760 | D:10     | Entered Level 10 of the Dungeon
  8845 | D:10     | Noticed a two-headed ogre
  8860 | D:10     | Killed a two-headed ogre
  9014 | D:10     | Paralysed by a hornet for 1 turns
  9187 | D:10     | Paralysed by a hornet for 3 turns
  9190 | D:10     | Paralysed by a hornet for 3 turns
 10281 | D:10     | Found a staircase to the Orcish Mines.
 10294 | D:10     | Reached skill level 5 in Poison Magic
 10505 | D:11     | Noticed a skeletal warrior
 10540 | D:11     | Got the Collected Works on Adjuration and Reconstruction
 10775 | D:11     | Noticed Urug
 10799 | D:11     | Reached skill level 12 in Stealth
 10808 | D:11     | HP: 3/74 [Urug/+1 broad axe (21)]
 10909 | D:11     | Noticed a skeletal warrior
 11000 | D:11     | Noticed a brown ugly thing
 11064 | D:10     | Killed Urug
 11377 | D:11     | Killed a purple ugly thing
 11378 | D:11     | Reached XP level 12. HP: 70/80 MP: 18/18
 11674 | Lair:1   | Entered Level 1 of the Lair of Beasts
 11940 | Lair:1   | Found a runed translucent door.
 11947 | Lair:1   | Noticed Diusamoe's ghost (journeyman OpBr)
 11949 | Lair:1   | Identified the +4 trident of the Vaults {vamp, rCorr}
 12037 | Lair:1   | Noticed a catoblepas
 12807 | Lair:2   | Found a shimmering altar of Xom.
 12903 | Lair:2   | Found a runed translucent gate.
 12903 | Lair:2   | Found a runed translucent gate.
 12903 | Lair:2   | Found a runed translucent gate.
 13082 | Lair:2   | Noticed Sleet's ghost (journeyman MiFi)
 13194 | Lair:2   | Found a staircase to the Shoals.
 13333 | Lair:2   | Paralysed by a hornet for 2 turns
 13403 | Lair:2   | Reached skill level 1 in Evocations
 13469 | Lair:2   | Noticed Gastronok
 13619 | Lair:2   | HP: 2/81 [lindwurm (12)]
 13712 | Lair:2   | Killed Gastronok
 13713 | Lair:2   | Reached skill level 5 in Maces & Flails
 13713 | Lair:2   | Reached skill level 13 in Stealth
 13828 | Lair:2   | Noticed a seven-headed hydra
 14229 | Lair:3   | Noticed a five-headed hydra
 14278 | Lair:3   | Noticed a skyshark
 14351 | Lair:3   | Noticed a four-headed hydra
 14524 | Lair:3   | Noticed a skyshark
 14562 | Lair:3   | Learned a level 1 spell: Slow
 14566 | Lair:3   | Learned a level 3 spell: Confusing Touch
 14604 | Lair:3   | Slain by a skyshark

Illustrated notes

Levels and vault maps discovered:
D:1:      elethiomel_arrival_infinity_welcomes_careful_drivers, layout_basic,
          grunt_decor_one_mirror, minmay_lizard_pond
D:2:      minmay_razor_zed, layout_loops_corners, st_stairs_7,
          minmay_split_cup_large, uniq_robin, uniq_sigmund, uniq_jessica
D:3:      layout_loops_cross, st_stairs_2, minivault_25
D:4:      layout_gridville, mainiacjoe_overflow_surrounded_room,
          mainiacjoe_overflow_concentric_impassable,
          nicolae_overflow_crystal_walls, chequers_avenue
D:5:      layout_layer_cave, lemuel_coloured_pillars_altar, nrook_mini_vaults
D:6:      layout_rooms, fedhas_ov_isle_minmay, nicolae_overflow_two_pavilions,
          serial_shops, nicolae_shop_bloodbath_and_beyond, uniq_prince_ribbit1
D:7:      layout_loops_ring, temple_green, nicolae_stop_n_shop_2
D:8:      layout_rooms, old_standard_altar,
          chequers_temple_overflow_statue_of_worship, minmay_lair_entry_grove,
          blue_anna_alchemist
D:9:      layout_gridville, enter_bailey_6
D:10:     layout_long_grid, erik_orc_2
D:11:     layout_basic, minivault_22, uniq_urug
Lair:1:   layout_cave_pods, ebering_ghost_funeral_grove, columned_hall_lemuel
Lair:2:   cheibrodos_lair_overgrown_chateau, layout_big_grid,
          nicolae_shoals_entry_flooding, gammafunk_ghost_icy, basic_altar,
          uniq_gastronok
Lair:3:   layout_regular_city, nicolae_snake_entry_squirm,
          ebering_ghost_disaster_area, nzn_random_ring

Skill      XL: |  1  2  3  4  5  6  7  8  9 10 11 12 |
---------------+-------------------------------------+-----
Stealth        | 1 2 3 4 5 6 8 9 10 12 13 | 13.4
Throwing       | 1 2 3 4 5 6 |  6.6
Short Blades   | 3 4 |  4.7
Shields        | 4 5 6 7 |  7.5
Fighting       | 4 5 6 7 |  7.3
Dodging        | 4 5 6 7 |  7.4
Transmutations | 1 2 3 4 |  4.7
Spellcasting   | 2 3 4 |  4.4
Earth Magic    | 2 3 4 |  4.9
Maces & Flails | 1 3 4 5 |  5.5
Poison Magic   | 3 5 7 |  7.6
Evocations     | 2 |  2.1

Action                     |  1- 3 |  4- 6 |  7- 9 | 10-12 || total
---------------------------+-------+-------+-------+-------++-------
  Melee: Rapier            |    17 |       |       |       ||    17
         Short sword       |    44 |   121 |   143 |       ||   308
         Constrict         |    16 |    35 |    42 |    98 ||   191
         Tentacles         |     7 |    27 |    60 |   210 ||   304
         Punch             |     1 |     1 |     3 |    16 ||    21
         Mace              |       |       |    58 |   687 ||   745
  Throw: Stone             |       |     1 |     5 |    16 ||    22
         Dart              |       |       |       |    14 ||    14
         Boomerang         |       |       |       |     2 ||     2
   Cast: Poisonous Vapours |       |       |       |    67 ||    67
         Sting             |       |       |       |    19 ||    19
         Olgreb's Toxic Ra |       |       |       |    10 ||    10
         Passwall          |       |       |       |     6 ||     6
  Evoke: Wand              |       |       |       |    16 ||    16
    Use: Scroll            |       |     4 |     3 |    14 ||    21
         Potion            |       |       |       |    13 ||    13
   Stab: Sleeping          |    11 |     8 |    20 |     9 ||    48
         Distracted        |       |     2 |     1 |     1 ||     4
 Armour: Skin              |     3 |     3 |    22 |   107 ||   135
  Dodge: Dodged            |    20 |    47 |    93 |   398 ||   558
  Block: Buckler           |     8 |    28 |    19 |       ||    55
         Kite shield       |       |       |    66 |   464 ||   530

Table legend: (Time is in decaauts)
 A = Elapsed time spent in this place.
 B = Non-inter-level travel time spent in this place.
 C = Inter-level travel time spent in this place.
 D = Time resting spent in this place.
 E = Time spent auto-exploring this place.
 F = Levels seen in this place.
 G = Mean time per level.
                   A        B        C        D        E       F      G
               +--------+--------+--------+--------+--------+-----+--------+
         Total |  14883 |  14300 |    583 |    593 |   9365 |  15 |  992.2 |
       Dungeon |  11681 |  11197 |    484 |    482 |   7553 |  11 | 1061.9 |
          Lair |   2852 |   2754 |     98 |    100 |   1772 |   3 |  950.7 |
        Bailey |    350 |    350 |      0 |     11 |     40 |   1 |  350.0 |
               +--------+--------+--------+--------+--------+-----+--------+

Top non-repeatable levels by time:
    D:10: 1858 daAuts
  Lair:2: 1349 daAuts
     D:2: 1329 daAuts
     D:8: 1192 daAuts
     D:5: 1102 daAuts
     D:4: 1046 daAuts
    D:11: 1031 daAuts
     D:7: 1002 daAuts
     D:1: 990 daAuts
  Lair:1: 936 daAuts
     D:9: 772 daAuts
     D:3: 766 daAuts
     D:6: 589 daAuts
  Lair:3: 566 daAuts
  Bailey: 350 daAuts
